 Dungeon Crawl Stone Soup version 0.30-b1-2-g02819fbbbe (webtiles) character file.

Game seed: 2724164060471961198

105 Alarkh the Shooter (level 4, 14/33 HPs)
             Began as a Demonspawn Hunter on May 23, 2023.
             Got out of the dungeon alive.
             The game lasted 00:03:01 (1629 turns).

Alarkh the Shooter (Demonspawn Hunter)              Turns: 1629, Time: 00:03:02

Health: 14/33      AC:  3    Str: 12    XL:     4   Next: 54%
Magic:  4/4        EV: 11    Int: 14    God:
Gold:   114        SH:  0    Dex: 16    Spells: 3/3 levels left

rFire   . . .        b - +0 scimitar
rCold   . . .        (no shield)
rNeg    . . .        c - +0 leather armour
rPois   .            (no helmet)
rElec   .            (no cloak)
rCorr   .            (no gloves)
SInv    .            (no boots)
Will    .....        (no amulet)
Stlth   +            (no ring)
HPRegen 0.25/turn    (no ring)
MPRegen 0.09/turn

%: no passive effects
@: no status effects
A: big brain 1, weakness stinger 2
a: no special abilities


You escaped.
You visited 1 branch of the dungeon, and saw 2 of its levels.

You collected 114 gold pieces.

Inventory:

Hand Weapons
 a - a +0 shortbow
 b - a +0 scimitar (weapon)
Armour
 c - a +0 leather armour (worn)
Wands
 l - a wand of flame (14)
Scrolls
 d - a scroll of vulnerability {unknown}
 e - a scroll of noise {unknown}
 f - 3 scrolls of identify {unknown}
 g - a scroll of immolation
 i - a scroll of teleportation {unknown}
Potions
 h - 2 potions of heal wounds {unknown}
 j - a potion of degeneration {unknown}
 k - a potion of flight {unknown}
 m - a potion of haste {unknown}
 n - a potion of magic {unknown}


   Skills:
 - Level 2.0 Fighting
 + Level 1.8 Long Blades
 + Level 5.0 Ranged Weapons
 - Level 1.7 Dodging
 - Level 0.8 Stealth


You had 3 spell levels left.
You didn't know any spells.
Your spell library contained the following spells:

 Spells                   Type           Power      Damage    Failure   Level
 Freeze                   Ice            0%         1d3       36%         1
 Frozen Ramparts          Ice            0%         1d1       73%         3
 Hailstorm                Conj/Ice       0%         3d3       73%         3
 Tukima's Dance           Hex            0%         N/A       73%         3
 Passage of Golubria      Tloc           0%         N/A       98%         4
 Yara's Violent Unravell  Hex/Tmut       0%         3d3       100%        5


Dungeon Overview and Level Annotations

Branches:
Dungeon (2/15)

Altars:

Shops:
D:1 !


Innate Abilities, Weirdness & Mutations

You have an unusually large brain. (Int +2)
You have a tail ending in a sharp stinger.


Message History

You shoot an arrow. The arrow hits the ball python.
You kill the ball python!
Fire: a) +0 shortbow
Press: ? - help, Q - select action, (/) - cycle Shift-Dir - straight line, f - hobgoblin
Aim: a hobgoblin (almost dead, strong, 63% to hit)
You shoot an arrow. The arrow barely misses the hobgoblin.
The arrow hits Robin.
Robin is moderately wounded.
The hobgoblin hits you.
* * * LOW HITPOINT WARNING * * *
Fire: a) +0 shortbow
Press: ? - help, Q - select action, (/) - cycle Shift-Dir - straight line, f/p - hobgoblin
Aim: a hobgoblin (almost dead, strong, 63% to hit)
You shoot an arrow. The arrow hits the hobgoblin!
You kill the hobgoblin!
Robin hits you but does no damage.
b - a +0 scimitar (weapon)
You are too injured to fight recklessly!
You hit Robin.
Robin is heavily wounded.
Robin hits you with a +0 dagger.
* * * LOW HITPOINT WARNING * * *
Robin hits you with a +0 dagger.
* * * LOW HITPOINT WARNING * * *
You hit Robin but do no damage.
Robin is heavily wounded.
Robin hits you but does no damage.
You slash Robin!
You kill Robin!
Items here: )) [[ †.
Things that are here:
a +0 dagger; a goblin corpse
There is an open door here.
There is an open door here.
There is a stone staircase leading up here.
You climb upwards.
There is a stone staircase leading down here.
There is a staircase leading out of the dungeon here.
Are you sure you want to leave the Dungeon?
This will make you lose the game!
You have escaped!

## #...#..............#
##..#......[.......#
##.#..####)#####..#
#.#..# #.# #..# #.#..#
#.# #..# ##'#..# #.#
#..#
##..#..####.#####..#
##...#..........##..#
##....#.......@..##..#
###.....#..###.........#
..+.....#..# #..(......#
###.....#[.# #.........#
##....#..# #.....##..#
##...#..# ##..####..#
##..#..# #..# #..#
#####'#..# #..####..#
#........# #........#


There were no monsters in sight!

Vanquished Creatures
  Jessica (D:2)
  Robin (D:2)
  6 ball pythons
  5 bats
  3 endoplasms
  2 giant cockroaches (D:1)
  14 goblins
  7 hobgoblins
  7 jackals
  3 quokkas (D:1)
  2 frilled lizards (D:1)
  3 kobolds
  5 rats
59 creatures vanquished.

Vanquished Creatures (others)
  3 fungi (D:2)
  5 plants (D:2)
8 creatures vanquished.

Grand Total: 67 creatures vanquished

Notes
Turn   | Place    | Note
-------+----------+-------------------------------------------
     0 | D:1      | Alarkh the Demonspawn Hunter began the quest for the Orb.
     0 | D:1      | Reached XP level 1. HP: 16/16 MP: 1/1
    90 | D:1      | Reached skill level 4 in Ranged Weapons
    93 | D:1      | Gained mutation: You have a small tail. [demonic ancestry]
    93 | D:1      | Reached XP level 2. HP: 22/22 MP: 2/2
   586 | D:1      | Found Wunuggu's Distillery.
   617 | D:1      | Gained mutation: You have an unusually large brain. (Int
                  | +2) [demonic ancestry]
   617 | D:1      | Reached XP level 3. HP: 27/27 MP: 3/3
  1090 | D:2      | Noticed Jessica
  1097 | D:2      | Killed Jessica
  1098 | D:2      | Reached skill level 1 in Long Blades
  1098 | D:2      | Gained mutation: You have a tail ending in a sharp stinger.
                  | [demonic ancestry]
  1098 | D:2      | Reached XP level 4. HP: 24/33 MP: 4/4
  1548 | D:2      | Noticed Robin
  1573 | D:2      | Reached skill level 5 in Ranged Weapons
  1579 | D:2      | HP: 1/33 [Robin/+0 dagger (4)]
  1581 | D:2      | Killed Robin
  1629 | D:$      | Got out of the dungeon alive.

Illustrated notes

Levels and vault maps discovered:
D:1:      dpeg_arrival_boxes_within_box, layout_loops_corners, serial_shops,
          nicolae_shop_trees
D:2:      layout_loops_corners, dreamdust_ecumenical_altar_grove, uniq_robin,
          uniq_natasha, uniq_jessica

Skill      XL: |  1  2  3  4 |
---------------+-------------+-----
Ranged Weapons | 4 5 |  5.0
Long Blades    | 1 |  1.8
Fighting       | |  2.0
Dodging        | |  1.7
Stealth        | |  0.8

Action                     |  1- 3 |  4- 6 || total
---------------------------+-------+-------++-------
  Melee: Scimitar          |       |     5 ||     5
         Tailslap          |       |     1 ||     1
   Fire: Shortbow          |    93 |    43 ||   136
 Armour: Leather armour    |    12 |     8 ||    20
  Dodge: Dodged            |    18 |    12 ||    30
